Map: Ley Lines

Players

ManlyManMeat - Winner!

  • Race: Zerg Zerg
  • League: Diamond
  • Spawn Location: 7:00

Kelpie

  • Race: Protoss Protoss
  • League: Diamond
  • Spawn Location: 1:00

VOD

Have the link to the VOD?

Description

Time

  • Played on: July 10, 2025, 10:47 a.m.
  • Length: 16:17
Show
View Real Time Build Order
Export as new Build Order

ManlyManMeat Zerg - Winner!

Build Orders: Hatch First 

Get SALT Encoding   

  12  0:00  Drone  
  13  0:08  Drone  
  13  0:14  Drone, Extractor  
  15  0:21  Overlord  
  15  0:40  Drone  
  16  0:46  Hatchery  
  16  0:50  Drone  
  16  0:53  Drone  
  16  0:56  Drone  
  18  1:14  Extractor  
  18  1:15  Spawning Pool  
  16  1:25  Drone x2  
  18  1:34  Drone  
  19  1:44  Drone  
  20  2:02  Queen x2  
  20  2:03  Zergling x2  
  25  2:13  Overlord  
  25  2:15  Drone  
  25  2:16  Drone  
  25  2:20  Drone  
  28  2:33  Drone  
  29  2:40  Hatchery  
  28  2:45  Drone x2  
  30  2:57  Drone x3  
  33  2:59  Overlord  
  33  3:02  Overlord  
  33  3:06  Metabolic Boost  
  33  3:15  Queen  
  33  3:17  Drone  
  36  3:22  Drone x2  
  38  3:29  Zergling x2  
  38  3:30  Zergling x6  
  42  3:38  Drone x2  
  44  3:50  Queen  
  46  3:55  Zergling x12  
  51  4:09  Zergling x4  
  53  4:11  Overlord  
  53  4:16  Lair  
  53  4:18  Evolution Chamber  
  53  4:22  Drone x6  
  55  4:41  Drone x4  
  59  4:50  Zerg Melee Weapons Level 1  
  59  4:52  Baneling Nest  
  58  4:53  Drone x2  
  58  4:57  Drone x3, Extractor x2  
  58  4:58  Drone x2, Extractor  
  58  4:59  Drone x3  
  65  5:17  Overlord x4  
  65  5:25  Evolution Chamber  
  63  5:42  Hatchery  
  60  5:48  Drone x4  
  64  5:50  Centrifugal Hooks  
  64  5:51  Zerg Ground Armor Level 1  
  64  5:54  Hydralisk Den  
  64  5:55  Drone x3  
  64  5:56  Drone x4  
  70  5:58  Drone x3  
  73  6:06  Zergling x8  
  77  6:22  Queen  
  77  6:23  Queen  
  77  6:24  Overlord x2  
  77  6:25  Overlord  
  81  6:27  Zergling x8  
  81  6:28  Zergling x10  
  90  6:37  Baneling x5  
  90  6:38  Baneling x10  
  90  6:39  Overlord x3  
  90  6:44  Queen  
  92  6:48  Zergling x8  
  84  7:26  Zergling x42  
  100  7:30  Zerg Melee Weapons Level 2  
  100  7:32  Infestation Pit  
  95  7:41  Drone  
  95  7:42  Drone x5  
  95  7:43  Drone  
  102  7:46  Hydralisk  
  102  7:47  Hydralisk x6, Muscular Augments  
  116  8:09  Hive  
  116  8:14  Drone x3, Hatchery, Extractor  
  116  8:15  Drone x3, Extractor  
  116  8:18  Drone x3  
  116  8:19  Drone x4, Extractor x2  
  124  8:20  Drone x3  
  126  8:45  Overlord  
  126  8:46  Overlord  
  126  8:47  Overlord  
  126  8:48  Overseer  
  126  8:51  Pneumatized Carapace  
  126  8:56  Zergling x32  
  142  9:15  Zergling x20  
  142  9:16  Zergling x8  
  119  9:22  Baneling x4  
  119  9:23  Zergling x8, Baneling x9  
  121  9:33  Hydralisk x2, Zergling x8  
  126  9:39  Hydralisk x4  
  133  9:46  Ultralisk Cavern  
  101  10:14  Adrenal Glands, Zerg Melee Weapons Level 3  
  101  10:20  Drone x5  
  101  10:21  Drone x2  
  108  10:34  Zergling x18  
  108  10:35  Zergling x2  
  118  10:37  Ultralisk  
  118  10:40  Overlord x3  
  124  10:56  Ultralisk  
  128  10:58  Ultralisk x2  
  128  11:00  Zergling x10  
  143  11:23  Ultralisk  
  143  11:24  Overlord x4  
  149  11:34  Zergling x2  
  149  11:35  Zergling x4  
  152  11:43  Chitinous Plating  
  152  11:46  Zerg Missile Weapons Level 1  
  150  11:56  Zergling x2  
  150  11:57  Zergling x38  
  179  12:08  Ultralisk x2  
  179  12:23  Zergling x10  
  184  12:34  Hatchery  
  177  12:43  Ultralisk x4  
  179  12:48  Hatchery  
  171  12:52  Ultralisk x2  
  154  13:04  Ultralisk x2  
  164  13:14  Hatchery  
  169  13:20  Ultralisk  
  169  13:37  Ultralisk  
  169  13:38  Zergling x10  
  169  13:39  Zergling x8  
  184  14:04  Ultralisk x2  
  184  14:05  Overlord x4  
  184  14:08  Overseer x3  
  196  14:20  Spire  
  196  14:21  Extractor  
  194  14:25  Extractor  
  149  15:05  Zergling x10, Ultralisk x3  
  149  15:06  Zergling x54  
  169  15:22  Hydralisk  
  169  15:23  Hydralisk x10  
  183  15:37  Corruptor x2  
  179  15:47  Drone x3  
Show
View Real Time Build Order
Export as new Build Order

Kelpie Protoss 

Build Orders:  

Get SALT Encoding   

  1  0:00  Probe  
  12  0:06  Probe  
  14  0:17  Probe  
  15  0:24  Pylon  
  15  0:42  Probe  
  16  0:43  Gateway  
  16  0:54  Probe  
  17  1:00  Assimilator  
  17  1:05  Pylon  
  17  1:06  Probe  
  18  1:18  Probe  
  19  1:30  Probe  
  20  1:35  Assimilator  
  20  1:43  Cybernetics Core  
  20  1:48  Probe, Nexus  
  21  1:57  Pylon  
  21  2:00  Probe  
  22  2:13  Probe  
  23  2:19  Adept  
  23  2:20  Gateway  
  25  2:31  Twilight Council  
  25  2:34  Probe  
  26  2:38  Warp Gate  
  26  2:46  Probe  
  27  2:52  Pylon  
  27  2:57  Adept  
  27  2:58  Probe  
  27  2:59  Adept  
  30  3:09  Probe  
  30  3:10  Probe  
  34  3:21  Probe  
  34  3:23  Probe  
  36  3:28  Adept  
  36  3:29  Adept  
  36  3:33  Probe  
  41  3:35  Probe  
  42  3:42  Gateway  
  42  3:50  Gateway  
  42  4:00  Gateway  
  42  4:01  Shield Battery  
  42  4:12  Probe  
  42  4:13  Probe  
  44  4:19  Assimilator  
  44  4:24  Probe  
  44  4:25  Probe  
  46  4:36  Adept x2  
  46  4:37  Probe x2, Adept  
  46  4:49  Probe  
  46  4:50  Templar Archives  
  47  4:53  Gateway  
  47  4:55  Stalker  
  47  4:56  Forge  
  49  5:00  Assimilator  
  49  5:01  Pylon  
  49  5:03  Stalker  
  49  5:04  Pylon  
  49  5:05  Stalker  
  53  5:07  Charge  
  53  5:32  Nexus  
  53  5:33  Pylon  
  53  5:34  Psionic Storm  
  53  5:37  Probe x2  
  55  5:43  Stalker  
  55  5:44  Stalker  
  55  5:49  Probe x2  
  61  5:57  Protoss Ground Weapons Level 1  
  61  6:01  Probe x2  
  63  6:13  Probe x2  
  66  6:25  Probe  
  66  6:28  High Templar  
  66  6:29  High Templar x2  
  72  6:32  Zealot  
  72  6:33  Zealot x2  
  78  6:41  Forge  
  78  6:44  Probe x2  
  80  6:53  Robotics Facility  
  80  6:54  Stalker  
  80  6:55  Stalker  
  80  6:56  Probe x2  
  80  7:00  Pylon  
  86  7:06  Stargate  
  86  7:08  Probe  
  87  7:09  Probe x2  
  89  7:17  Pylon  
  89  7:20  Probe  
  89  7:21  Probe  
  89  7:22  Stalker x3  
  92  7:29  Pylon  
  92  7:35  Probe x3  
  95  7:40  Stalker, Assimilator  
  95  7:41  Shield Battery  
  95  7:42  Shield Battery  
  97  7:47  Gateway, Probe  
  97  7:48  Gateway  
  98  7:53  Gateway  
  98  7:54  Gateway  
  98  7:56  Photon Cannon  
  98  8:04  Robotics Bay  
  98  8:06  Pylon  
  98  8:08  Probe x3, Assimilator  
  98  8:11  Zealot  
  103  8:12  Zealot  
  103  8:14  High Templar  
  103  8:15  High Templar  
  103  8:19  Archon  
  109  8:21  Stalker  
  109  8:26  Probe x2  
  109  8:27  Probe  
  114  8:33  Protoss Ground Weapons Level 2  
  114  8:37  Zealot x3  
  120  8:42  Zealot  
  122  8:59  Nexus  
  122  9:00  Observer  
  122  9:01  Pylon  
  123  9:05  Pylon  
  111  9:57  Colossus, Stalker x3  
  111  9:58  Stalker x6  
  107  10:17  Robotics Facility  
  107  10:21  Probe x4  
  110  10:24  Stalker x2  
  110  10:25  High Templar  
  110  10:27  Zealot x2  
  110  10:28  Zealot x5  
  127  10:34  Extended Thermal Lance, Shield Battery  
  131  10:37  Photon Cannon x2  
  131  10:39  Photon Cannon  
  131  10:42  Colossus  
  137  11:07  Photon Cannon  
  137  11:11  Photon Cannon  
  137  11:13  Photon Cannon  
  137  11:14  Pylon, Photon Cannon  
  137  11:15  Photon Cannon  
  137  11:18  Photon Cannon  
  137  11:23  Photon Cannon  
  137  11:26  Photon Cannon  
  137  11:31  Colossus  
  137  11:33  Colossus  
  149  11:42  Nexus  
  149  11:45  Pylon  
  149  11:48  Pylon  
  149  11:50  Pylon  
  133  12:06  High Templar x3  
  133  12:08  Stalker x2  
  135  12:12  Archon x2  
  137  12:17  Shield Battery  
  137  12:18  Immortal, Shield Battery x2  
  137  12:20  Immortal, Protoss Ground Armor Level 1, Assimilator  
  137  12:29  Zealot x4  
  153  12:30  Zealot  
  149  12:46  Stalker x4  
  149  12:47  Stalker  
  127  13:07  Gateway  
  127  13:12  Fleet Beacon  
  127  13:15  Pylon  
  127  13:17  Probe x2  
  127  13:19  Probe x3, Photon Cannon  
  132  13:21  Stargate, Photon Cannon  
  132  13:22  Photon Cannon  
  132  13:23  Stargate  
  132  13:29  Immortal x2, Probe  
  132  13:30  Probe  
  132  13:31  Probe x3  
  145  13:41  Probe  
  145  13:42  Probe  
  145  13:43  Probe x3  
  145  13:47  Unknown  
  152  14:02  Assimilator  
  150  14:04  Immortal x2  
  150  14:12  Nexus  
  150  14:16  Pylon  
  158  14:18  Pylon  
  158  14:20  Pylon  
  166  14:24  Pylon  
  166  14:25  Assimilator, Void Ray x2  
  165  14:41  Zealot x4  
  165  14:42  Gateway, Zealot x6  
  165  14:44  Gateway, Photon Cannon  
  185  14:46  Photon Cannon  
  121  15:02  Stalker  
  121  15:03  Stalker x6  
  111  15:12  Immortal  
  101  15:14  Void Ray x3  
  101  15:18  Probe x3  
  98  15:28  Probe x2  
  100  15:30  Probe x3  
  100  15:34  High Templar  
  100  15:35  High Templar, Zealot  
  107  15:36  Zealot x3  
  107  15:40  Probe x2  
  117  15:45  Zealot x2  
  117  15:46  Zealot  
  121  15:54  Zealot  
Tags
 
Matchup
PvZ
Replay Pack
Myownreplay2
Spawn Locations
Cross Positions
Add a new tag
Caveats
  • Supply blocks, unpowered buildings, or Contaminate may cause inaccurate times.
  • Supply counts are checked every 10 seconds.